NYP
CHICAGO (NYP) WHITE SOX @ LOS ANGELES (NYP) ANGELS
09/23/2047
 
TOP OF THE 1ST
Chicago (NYP) White Sox batting - Pitching for Los Angeles (NYP) Angels : RHP Eli Mercedes
Pitching: RHP Eli Mercedes
Batting: SHB Tomas Caldera 0-0: Ball
1-0: Ground out U3 (Groundball, 3L, EV 85.6 MPH)
Batting: RHB Ethan McCullough 0-0: Called Strike
0-1: Ball
1-1: Fly out, F4 (Popup, 4, EV 56.2 MPH)
Batting: LHB Adam Tarbutton 0-0: Called Strike
0-1: SINGLE (Groundball, 34D, EV 105.6 MPH)
Batting: RHB Luwen Storm 0-0: Ball
Adam Tarbutton is caught stealing 2nd base 2-4
Top of the 1st over - 0 runs, 1 hit, 0 errors, 0 left on base; Chicago (NYP) 0 - Los Angeles (NYP) 0
BOTTOM OF THE 1ST
Los Angeles (NYP) Angels batting - Pitching for Chicago (NYP) White Sox : RHP Mike Ferry
Pitching: RHP Mike Ferry
Batting: RHB T.J. Gray 0-0: Swinging Strike
0-1: Ground out 3-1 (Groundball, 34, EV 83.1 MPH)
Batting: LHB Mutsuo IIda 0-0: Called Strike
0-1: Ball
1-1: Foul Ball, location: 2F
1-2: Ball
2-2: Ball
3-2: Base on Balls
Batting: RHB Juan Montez 0-0: Ball
Mutsuo IIda is caught stealing 2nd base 2-4
1-0: Ball
2-0: Called Strike
2-1: Ball
3-1: Base on Balls
Batting: LHB Matthew Bale 0-0: Ball
Juan Montez is caught stealing 2nd base 2-6
Bottom of the 1st over - 0 runs, 0 hits, 0 errors, 0 left on base; Chicago (NYP) 0 - Los Angeles (NYP) 0
TOP OF THE 2ND
Chicago (NYP) White Sox batting - Pitching for Los Angeles (NYP) Angels : RHP Eli Mercedes
Batting: RHB Luwen Storm 0-0: Ball
1-0: Foul Ball, location: 2F
1-1: Ground out 5-3 (Groundball, 15, EV 83.1 MPH)
Batting: RHB Sean Peake 0-0: Called Strike
0-1: Ball
1-1: DOUBLE (Flyball, 8LXD, EV 98.8 MPH)
Batting: RHB Armando Vazquez 0-0: Ball
Sean Peake steals 3rd base
1-0: Ball
2-0: Reached on error, E6 (Groundball, 6, EV 86.2 MPH)
Sean Peake scores
Batting: RHB Yorkis Saiki 0-0: Ball
Armando Vazquez is caught stealing 2nd base 2-4
1-0: SINGLE (Groundball, 15S, EV 65.6 MPH) (infield hit)
Batting: SHB Olaf Zoeteman 0-0: Called Strike
0-1: SINGLE (Line Drive, 6M, EV 96.9 MPH)
Yorkis Saiki to second
Batting: RHB Kunimatsu Oya 0-0: Called Strike
0-1: Called Strike
0-2: Strikes out looking
Top of the 2nd over - 1 run, 3 hits, 1 error, 2 left on base; Chicago (NYP) 1 - Los Angeles (NYP) 0
BOTTOM OF THE 2ND
Los Angeles (NYP) Angels batting - Pitching for Chicago (NYP) White Sox : RHP Mike Ferry
Batting: LHB Matthew Bale 0-0: Ball
1-0: Called Strike
1-1: Ball
2-1: Ball
3-1: Ground out 6-3 (Groundball, 6M, EV 86.9 MPH)
Batting: RHB Dean LeCroy 0-0: Ball
1-0: Ball
2-0: Ball
3-0: Called Strike
3-1: Foul Ball, location: 2F
3-2: DOUBLE (Line Drive, 89XD, EV 108.8 MPH)
Batting: RHB Wilford Harper 0-0: Ball
1-0: Foul Ball, location: 2F
1-1: SINGLE (Groundball, 6MD, EV 100.6 MPH)
Dean LeCroy to third
Runner from 3rd tries for Home, SAFE, throw by CF to home
Batting: RHB Phil Knox 0-0: Ball
1-0: Called Strike
1-1: Fielders Choice at 2nd, 6-4 (Groundball, 56, EV 96.9 MPH)
Batting: RHB David Rhodes 0-0: Ball
1-0: Called Strike
1-1: Ground out 4-3 (Groundball, 4, EV 103.8 MPH)
Bottom of the 2nd over - 1 run, 2 hits, 0 errors, 1 left on base; Chicago (NYP) 1 - Los Angeles (NYP) 1
TOP OF THE 3RD
Chicago (NYP) White Sox batting - Pitching for Los Angeles (NYP) Angels : RHP Eli Mercedes
Batting: SHB Tomas Caldera 0-0: Foul Ball, location: 2F
0-1: Ground out U3 (Groundball, 3, EV 80.6 MPH)
Batting: RHB Ethan McCullough 0-0: Ground out 6-3 (Groundball, 6, EV 109.4 MPH)
Batting: LHB Adam Tarbutton 0-0: Ball
1-0: Ground out 3-1 (Groundball, 34, EV 86.9 MPH)
Top of the 3rd over - 0 runs, 0 hits, 0 errors, 0 left on base; Chicago (NYP) 1 - Los Angeles (NYP) 1
BOTTOM OF THE 3RD
Los Angeles (NYP) Angels batting - Pitching for Chicago (NYP) White Sox : RHP Mike Ferry
Batting: RHB Ron Major 0-0: Fly out, F6 (Popup, 6MD, EV 46.9 MPH)
Batting: RHB T.J. Gray 0-0: Swinging Strike
0-1: Called Strike
0-2: Foul Ball, location: 2F
0-2: Strikes out looking
Batting: LHB Mutsuo IIda 0-0: Ball
1-0: Ball
2-0: Foul Ball, location: 2F
2-1: Foul Ball, location: 2F
2-2: Strikes out swinging
Bottom of the 3rd over - 0 runs, 0 hits, 0 errors, 0 left on base; Chicago (NYP) 1 - Los Angeles (NYP) 1
TOP OF THE 4TH
Chicago (NYP) White Sox batting - Pitching for Los Angeles (NYP) Angels : RHP Eli Mercedes
Batting: RHB Luwen Storm 0-0: Ball
1-0: Swinging Strike
1-1: Ground out U3 (Groundball, 3, EV 109.4 MPH)
Batting: RHB Sean Peake 0-0: Ball
1-0: Ball
2-0: Foul Ball, location: 2F
2-1: Ball
3-1: Base on Balls
Batting: RHB Armando Vazquez 0-0: Ball
1-0: Foul Ball, location: 2F
1-1: DOUBLE (Groundball, 5L, EV 108.8 MPH)
Sean Peake to third
Runner from 3rd tries for Home, SAFE, no throw by LF
Batting: RHB Yorkis Saiki 0-0: Foul Ball, location: 2F
0-1: Swinging Strike
0-2: Strikes out swinging
Batting: SHB Olaf Zoeteman 0-0: Called Strike
0-1: Swinging Strike
0-2: Ball
1-2: Ball
2-2: Strikes out looking
Top of the 4th over - 1 run, 1 hit, 0 errors, 1 left on base; Chicago (NYP) 2 - Los Angeles (NYP) 1
BOTTOM OF THE 4TH
Los Angeles (NYP) Angels batting - Pitching for Chicago (NYP) White Sox : RHP Mike Ferry
Batting: RHB Juan Montez 0-0: Called Strike
0-1: Ball
1-1: Ball
2-1: Called Strike
2-2: Ground out 5-3 (Groundball, 56, EV 106.2 MPH)
Batting: LHB Matthew Bale 0-0: Ground out 4-3 (Groundball, 4S, EV 88.1 MPH)
Batting: RHB Dean LeCroy 0-0: Ball
1-0: TRIPLE (Flyball, 78XD, EV 96.9 MPH)
Batting: RHB Wilford Harper 0-0: Ball
1-0: Fly out, F7 (Flyball, 7D, EV 100.6 MPH)
Bottom of the 4th over - 0 runs, 1 hit, 0 errors, 1 left on base; Chicago (NYP) 2 - Los Angeles (NYP) 1
TOP OF THE 5TH
Chicago (NYP) White Sox batting - Pitching for Los Angeles (NYP) Angels : RHP Eli Mercedes
Batting: RHB Kunimatsu Oya 0-0: Ball
1-0: Called Strike
1-1: Ball
2-1: Ball
3-1: Ground out 6-3 (Groundball, 6, EV 101.9 MPH)
Batting: SHB Tomas Caldera 0-0: Ball
1-0: Ball
2-0: Called Strike
2-1: SINGLE (Flyball, 8LS, EV 97.5 MPH)
Batting: RHB Ethan McCullough 0-0: Ball
Tomas Caldera steals 2nd base
1-0: Ball
2-0: Ball
3-0: Base on Balls
Batting: LHB Adam Tarbutton 0-0: Ball
1-0: Foul Ball, location: 2F
1-1: Foul Ball, location: 2F
1-2: SINGLE (Groundball, 56D, EV 105.6 MPH)
Tomas Caldera to third
Ethan McCullough to second
Runner from 3rd tries for Home, throw by LF and OUT! 7-2
Batting: RHB Luwen Storm 0-0: Ball
1-0: SINGLE (Groundball, 5S, EV 68.1 MPH) (infield hit)
Ethan McCullough to third
Adam Tarbutton to second
Batting: RHB Sean Peake 0-0: Ball
Wild Pitch!
Ethan McCullough scores
Adam Tarbutton to third
Luwen Storm to second
1-0: Called Strike
1-1: Ball
2-1: Foul Ball, location: 2F
2-2: Strikes out swinging
Top of the 5th over - 1 run, 3 hits, 0 errors, 2 left on base; Chicago (NYP) 3 - Los Angeles (NYP) 1
BOTTOM OF THE 5TH
Los Angeles (NYP) Angels batting - Pitching for Chicago (NYP) White Sox : RHP Mike Ferry
Batting: RHB Phil Knox 0-0: Called Strike
0-1: Ground out 6-3 (Groundball, 6, EV 93.8 MPH)
Batting: RHB David Rhodes 0-0: Called Strike
0-1: Ball
1-1: Fly out, F7 (Flyball, 7LMF, EV 111.2 MPH)
Batting: RHB Ron Major 0-0: Ball
1-0: Ball
2-0: Called Strike
2-1: Foul Ball, location: 2F
2-2: Foul Ball, location: 2F
2-2: Fly out, F8 (Flyball, 89S, EV 93.1 MPH)
Bottom of the 5th over - 0 runs, 0 hits, 0 errors, 0 left on base; Chicago (NYP) 3 - Los Angeles (NYP) 1
TOP OF THE 6TH
Chicago (NYP) White Sox batting - Pitching for Los Angeles (NYP) Angels : RHP Eli Mercedes
Batting: RHB Armando Vazquez 0-0: Called Strike
0-1: Called Strike
0-2: Foul Ball, location: 2F
0-2: Ground out U3 (Groundball, 3S, EV 66.9 MPH)
Pitching: RHP Cal Abbott
Batting: RHB Yorkis Saiki 0-0: Ball
1-0: Hit by Pitch
Batting: SHB Olaf Zoeteman 0-0: Swinging Strike
0-1: Called Strike
0-2: Ball
1-2: Ball
2-2: DOUBLE (Line Drive, 5D, EV 95.6 MPH)
Yorkis Saiki to third
Batting: RHB Kunimatsu Oya 0-0: DOUBLE (Line Drive, 9LM, EV 110.6 MPH)
Yorkis Saiki scores
Olaf Zoeteman scores
Batting: SHB Tomas Caldera 0-0: Foul Ball, location: 2F
0-1: Ground out 5-3 (Groundball, 25, EV 83.8 MPH)
Batting: RHB Ethan McCullough 0-0: Foul Ball, location: 2F
0-1: Fly out, F8 (Line Drive, 8LM, EV 104.4 MPH)
Top of the 6th over - 2 runs, 2 hits, 0 errors, 1 left on base; Chicago (NYP) 5 - Los Angeles (NYP) 1
BOTTOM OF THE 6TH
Los Angeles (NYP) Angels batting - Pitching for Chicago (NYP) White Sox : RHP Mike Ferry
Batting: RHB T.J. Gray 0-0: Ball
1-0: Ball
2-0: Foul Ball, location: 2F
2-1: Foul Ball, location: 2F
2-2: Ball
3-2: SOLO HOME RUN (Line Drive, 7LD, EV 100.0 MPH), Distance : 372 ft
Batting: LHB Mutsuo IIda 0-0: Ball
1-0: Fly out, F7 (Line Drive, 7, EV 93.1 MPH)
Batting: RHB Juan Montez 0-0: Ball
1-0: Ball
2-0: Called Strike
2-1: Called Strike
2-2: SINGLE (Line Drive, 7S, EV 89.4 MPH)
Batting: LHB Matthew Bale 0-0: Fly out, F8 (Flyball, 8RM, EV 86.9 MPH)
Batting: RHB Dean LeCroy Pickoff Play to 1st, Runner tries for 2nd, OUT after rundown.
Bottom of the 6th over - 1 run, 2 hits, 0 errors, 0 left on base; Chicago (NYP) 5 - Los Angeles (NYP) 2
TOP OF THE 7TH
Chicago (NYP) White Sox batting - Pitching for Los Angeles (NYP) Angels : RHP Cal Abbott
Batting: LHB Adam Tarbutton 0-0: Ball
1-0: Called Strike
1-1: Ball
2-1: Fly out, F4 (Popup, 4, EV 66.9 MPH)
Batting: RHB Luwen Storm 0-0: Ball
1-0: Ball
2-0: Ground out 5-3 (Groundball, 5D, EV 105.0 MPH)
Batting: RHB Sean Peake 0-0: Ball
1-0: Ball
2-0: Ball
3-0: Base on Balls
Batting: RHB Armando Vazquez 0-0: Ball
Sean Peake is caught stealing 2nd base 2-4
Top of the 7th over - 0 runs, 0 hits, 0 errors, 0 left on base; Chicago (NYP) 5 - Los Angeles (NYP) 2
BOTTOM OF THE 7TH
Los Angeles (NYP) Angels batting - Pitching for Chicago (NYP) White Sox : RHP Mike Ferry
Batting: RHB Dean LeCroy 0-0: DOUBLE (Groundball, 5L, EV 107.5 MPH)
Batting: RHB Wilford Harper 0-0: Fly out, F5 (Line Drive, 56, EV 68.1 MPH)
Batting: RHB Phil Knox 0-0: Ball
Passed Ball!
Dean LeCroy to third
1-0: Ground out 4-3 (Groundball, 4, EV 83.1 MPH)
Dean LeCroy scores
Batting: RHB David Rhodes 0-0: Foul Ball, location: 2F
0-1: Fly out, F8 (Flyball, 8LD, EV 96.9 MPH)
Bottom of the 7th over - 1 run, 1 hit, 0 errors, 0 left on base; Chicago (NYP) 5 - Los Angeles (NYP) 3
TOP OF THE 8TH
Chicago (NYP) White Sox batting - Pitching for Los Angeles (NYP) Angels : RHP Cal Abbott
Batting: RHB Armando Vazquez 0-0: Swinging Strike
0-1: Ball
1-1: Foul Ball, location: 2F
1-2: Ground out 4-3 (Groundball, 4, EV 83.1 MPH)
Batting: RHB Yorkis Saiki 0-0: Swinging Strike
0-1: Called Strike
0-2: Strikes out looking
Batting: SHB Olaf Zoeteman 0-0: Foul Ball, location: 2F
0-1: Ball
1-1: Ball
2-1: Foul Ball, location: 2F
2-2: Strikes out looking
Top of the 8th over - 0 runs, 0 hits, 0 errors, 0 left on base; Chicago (NYP) 5 - Los Angeles (NYP) 3
BOTTOM OF THE 8TH
Los Angeles (NYP) Angels batting - Pitching for Chicago (NYP) White Sox : RHP Mike Ferry
Batting: RHB Ron Major 0-0: Ball
1-0: Swinging Strike
1-1: Foul Ball, location: 2F
1-2: Ball
2-2: Ball
3-2: Base on Balls
Batting: RHB T.J. Gray 0-0: Ball
1-0: Ball
2-0: Fielders Choice at 2nd, 5-4 (Groundball, 15, EV 91.2 MPH)
Batting: LHB Mutsuo IIda 0-0: Foul Ball, location: 2F
0-1: Ball
1-1: Ball
2-1: Ball
3-1: Base on Balls
T.J. Gray to second
Batting: RHB Juan Montez 0-0: Ball
1-0: Ground out 6-3 (Groundball, 4MS, EV 80.0 MPH)
T.J. Gray to third
Mutsuo IIda to second
Batting: LHB Matthew Bale 0-0: Ball
1-0: Called Strike
1-1: Ball
2-1: Swinging Strike
2-2: Ground out 4-3 (Groundball, 34D, EV 101.2 MPH)
Bottom of the 8th over - 0 runs, 0 hits, 0 errors, 2 left on base; Chicago (NYP) 5 - Los Angeles (NYP) 3
TOP OF THE 9TH
Chicago (NYP) White Sox batting - Pitching for Los Angeles (NYP) Angels : RHP Cal Abbott
Pitching: RHP Simon Vogel
Batting: RHB Kunimatsu Oya 0-0: Called Strike
0-1: Ball
1-1: Ball
2-1: Ball
3-1: Base on Balls
Batting: SHB Tomas Caldera 0-0: Ball
1-0: Sac Bunt to 3S - play at first, batter OUT! 3-4
Kunimatsu Oya to second
Batting: RHB Ethan McCullough 0-0: Swinging Strike
0-1: Swinging Strike
0-2: Strikes out swinging
Batting: LHB Adam Tarbutton 0-0: Ball
1-0: Ball
2-0: 2-RUN HOME RUN (Line Drive, 89XD, EV 108.8 MPH), Distance : 429 ft
Batting: RHB Luwen Storm 0-0: Ball
1-0: Ball
2-0: Ground out 4-3 (Groundball, 4MS, EV 74.4 MPH)
Top of the 9th over - 2 runs, 1 hit, 0 errors, 0 left on base; Chicago (NYP) 7 - Los Angeles (NYP) 3
BOTTOM OF THE 9TH
Los Angeles (NYP) Angels batting - Pitching for Chicago (NYP) White Sox : RHP Mike Ferry
Pitching: RHP Mario Arce
Batting: RHB Dean LeCroy 0-0: Called Strike
0-1: Ball
1-1: SINGLE (Groundball, 56D, EV 103.8 MPH)
Batting: RHB Wilford Harper 0-0: Ball
1-0: Swinging Strike
1-1: Foul Ball, location: 2F
1-2: Foul Ball, location: 2F
1-2: Fly out, F9 (Flyball, 9, EV 93.1 MPH)
Batting: RHB Phil Knox 0-0: Ball
1-0: Ball
2-0: Called Strike
2-1: Fly out, F7 (Flyball, 78M, EV 93.8 MPH)
Batting: RHB David Rhodes 0-0: Ball
1-0: Foul Ball, location: 2F
1-1: Ground out 1-3 (Groundball, 34S, EV 76.2 MPH)
Bottom of the 9th over - 0 runs, 1 hit, 0 errors, 1 left on base; Chicago (NYP) 7 - Los Angeles (NYP) 3
Thursday, December 15th , 2022 - OOTP Baseball 23.9 Build 102